 Dungeon Crawl Stone Soup version 0.31-a0-202-g547052bce9 (webtiles) character file.

Game seed: 16037585410793874381

83 mopl the Magician (level 4, -5/27 HPs)
             Began as an Octopode Hedge Wizard on June 26, 2023.
             Slain by Robin
             ... wielding a +1 spear of venom
              (6 damage)
             ... on level 3 of the Dungeon.
             The game lasted 00:02:24 (1320 turns).

mopl the Magician (Octopode Hedge Wizard)           Turns: 1320, Time: 00:02:25

Health: -5/27      AC:  5    Str:  9    XL:     4   Next: 44%
Magic:  0/9        EV: 13    Int: 18    God:
Gold:   162        SH:  0    Dex: 11    Spells: 4/10 levels left

rFire   . . .        a - +0 dagger
rCold   . . .        (no shield)
rNeg    . . .        b - +0 hat
rPois   .            (no amulet)
rElec   .            j - +4 ring of protection
rCorr   .            (no ring)
SInv    .            (no ring)
Will    .....        (no ring)
Stlth   +++          (no ring)
HPRegen 0.24/turn    (no ring)
MPRegen 0.11/turn    (no ring)
                     (no ring)

%: no passive effects
@: lethally poisoned (-5 -> -9), very slightly contaminated
A: almost no armour, amphibious, 8 rings, camouflage 1, gelatinous body 1,
(nimble swimmer 1), tentacles
a: no special abilities


You were on level 3 of the Dungeon.
You visited 1 branch of the dungeon, and saw 3 of its levels.

You collected 162 gold pieces.

Inventory:

Hand Weapons
 a - a +0 dagger (weapon)
Armour
 b - a +0 hat (worn)
Jewellery
 j - a +4 ring of protection (left tentacle)
Scrolls
 e - 3 scrolls of identify {unknown}
 f - 2 scrolls of fog {unknown}
 g - a scroll of amnesia {unknown}
 h - a scroll of poison {unknown}
 l - a scroll of brand weapon {unknown}
Potions
 c - a potion of magic
 d - a potion of heal wounds {unknown}
 i - a potion of brilliance {unknown}
 m - a potion of degeneration {unknown}


   Skills:
 - Level 2.0 Dodging
 - Level 2.6 Stealth
 + Level 3.6 Spellcasting
 + Level 2.3 Conjurations
 - Level 1.0 Summonings
 + Level 2.2 Translocations
 + Level 1.3 Poison Magic


You had 4 spell levels left.
You knew the following spells:

 Your Spells              Type           Power      Damage    Failure   Level
a - Magic Dart            Conj           44%        1d5       6%          1
c - Mephitic Cloud        Conj/Pois/Air  7%         N/A       28%         3
e - Blink                 Tloc           22%        N/A       10%         2

Your spell library contained the following spells:

 Spells                   Type           Power      Damage    Failure   Level
 Slow                     Hex            12%        N/A       16%         1
 Call Imp                 Summ           12%        N/A       16%         2
 Cigotuvi's Dreadful Rot  Necr/Pois/Air  8%         N/A       19%         2


Dungeon Overview and Level Annotations

Branches:
Dungeon (3/15)

Altars:

Annotations:
D:3 Robin


Innate Abilities, Weirdness & Mutations

You cannot wear most types of armour.
You are amphibious.
You can wear up to eight rings at the same time.
Your skin changes colour to match your surroundings (Stealth+).
Your rubbery body absorbs attacks. (AC +1, EV +1)
((You are camouflaged when in or above water. (Stealth+)))
You have tentacles for arms and can constrict up to eight enemies at once.


Message History

You are lethally poisoned!
Casting: Mephitic Cloud (extremely dangerous; 28% risk of failure)
Confirm with . or Enter, or press ? or * to list all spells.
The spell is extremely dangerous to miscast (28% risk of failure)!
Continue anyway?
Aiming: Mephitic Cloud (extremely dangerous; 28% risk of failure)
Press: ? - help, Shift-Dir - straight line, f/p - Robin
Aim: Robin, wielding a +1 spear of venom, wearing a +0 animal skin and wearing a +0 helmet (chance to affect: 91%)
You miscast Mephitic Cloud.
Nothing appears to happen.
* * * LOW HITPOINT WARNING * * *
You feel very sick. Robin hits you but does no damage.
You are more poisoned.
Unknown command.
Unknown command.
You feel better.
Robin hits you from afar with a +1 spear of venom.
A goblin and a hobgoblin come into view.
The goblin moves out of view.
Items here: ))) †††.
You hit Robin but do no damage. Your grab misses Robin.
Your squeeze misses Robin.
Robin hits you with a +1 spear of venom.
You hit Robin but do no damage. You grab Robin. You constrict Robin.
The hobgoblin barely misses you.
Robin says, "A pitiful Octopus like you will never find the ORB!"
Robin barely misses you.
You hit Robin.
Robin is lightly wounded.
You constrict Robin. The hobgoblin hits you.
* * * LOW HITPOINT WARNING * * *
Robin hits you but does no damage.
You are lethally poisoned!
You hit Robin.
Robin is heavily wounded.
You constrict Robin, but do no damage.
* * * LOW HITPOINT WARNING * * *
You feel sick. The hobgoblin hits you.
* * * LOW HITPOINT WARNING * * *
Robin hits you with a +1 spear of venom.
You die... gg

#.# .# #g #.##.#
##.#.#.###.##.#
....@g..g....>##
.......#.......#
.......#.#.##..#
.......#.#.....#
####.#.#g###...#
..#.#g@.)...# .#
#.######..# #.
#.........##
##........#
.......##.##
.......#8.8#
.......##.##
.####+###.##
#8.8#


You could see Robin, a hobgoblin (strong) and a goblin (wandering, strong).

Vanquished Creatures
  Jessica (D:3)
  A worm (D:2)
  A dart slug (D:2)
  8 bats
  2 endoplasms (D:1)
  A giant cockroach (D:1)
  6 goblins
  7 hobgoblins
  5 kobolds (D:1)
  A quokka (D:1)
  9 ball pythons
  A frilled lizard (D:2)
  5 rats
48 creatures vanquished.

Notes
Turn   | Place    | Note
-------+----------+-------------------------------------------
     0 | D:1      | mopl the Octopode Hedge Wizard began the quest for the Orb.
     0 | D:1      | Reached XP level 1. HP: 11/11 MP: 4/4
    61 | D:1      | Reached XP level 2. HP: 17/17 MP: 0/6
    64 | D:1      | Learned a level 2 spell: Blink
   352 | D:1      | Reached XP level 3. HP: 21/21 MP: 7/7
   356 | D:1      | Learned a level 3 spell: Mephitic Cloud
   412 | D:1      | You fall into a shaft and drop 1 floor!
   939 | D:2      | Reached skill level 2 in Conjurations
  1251 | D:3      | Reached skill level 2 in Translocations
  1279 | D:3      | Noticed Jessica
  1281 | D:3      | Noticed Robin
  1300 | D:3      | Killed Jessica
  1301 | D:3      | Reached skill level 1 in Poison Magic
  1301 | D:3      | Reached XP level 4. HP: 22/27 MP: 7/9
  1320 | D:3      | HP: 1/27 [hobgoblin[Robin] (2)]
  1320 | D:3      | Slain by Robin

Illustrated notes

Levels and vault maps discovered:
D:1:      sevenhm_arrival_forest_fort_small_3, layout_basic,
          dreamdust_wishing_well
D:2:      layout_loops_ring, dk_noncrumbling_4, nrook_uturn
D:3:      layout_basic, amcnicky_mini_corridor_feature, minmay_ruptured,
          uniq_jessica, uniq_robin

Skill      XL: |  1  2  3 |
---------------+----------+-----
Conjurations   | 2 |  2.3
Translocations | 2 |  2.2
Poison Magic   | 1 |  1.3
Dodging        | |  2.0
Stealth        | |  2.6
Spellcasting   | |  3.6
Summonings     | |  1.0

Action                     |  1- 3 |  4- 6 || total
---------------------------+-------+-------++-------
  Melee: Dagger            |    89 |    14 ||   103
         Constrict         |    21 |     3 ||    24
         Tentacles         |    14 |     3 ||    17
   Cast: Magic Dart        |    24 |       ||    24
    Use: Potion            |       |     2 ||     2
   Stab: Sleeping          |     6 |       ||     6
 Armour: Skin              |    16 |     7 ||    23
  Dodge: Dodged            |    65 |     9 ||    74

Table legend: (Time is in decaauts)
 A = Elapsed time spent in this place.
 B = Non-inter-level travel time spent in this place.
 C = Inter-level travel time spent in this place.
 D = Time resting spent in this place.
 E = Time spent auto-exploring this place.
 F = Levels seen in this place.
 G = Mean time per level.
                   A        B        C        D        E       F      G
               +--------+--------+--------+--------+--------+-----+--------+
         Total |   1319 |   1282 |     37 |     59 |    935 |   3 |  439.7 |
       Dungeon |   1319 |   1282 |     37 |     59 |    935 |   3 |  439.7 |
               +--------+--------+--------+--------+--------+-----+--------+

Top non-repeatable levels by time:
     D:2: 618 daAuts
     D:1: 551 daAuts
     D:3: 149 daAuts
